 Dungeon Crawl Stone Soup version 0.27.0 (webtiles) character file.

Game seed: 7438891536549878686

8 SweetAndFullOfGrace the Skirmisher (level 2, 27/27 HPs)
             Began as a Hill Orc Fighter on July 30, 2021.
             Quit the game on level 1 of the Dungeon.
             The game lasted 00:07:28 (562 turns).

SweetAndFullOfGrace the Skirmisher (HOFi)            Turns: 562, Time: 00:07:29

Health: 27/27      AC:  6    Str: 18    XL:     2   Next: 8%
Magic:  2/2        EV:  7    Int:  8    God:
Gold:   51         SH:  9    Dex: 10    Spells: 1/1 levels left

rFire    . . .     SeeInvis .   a - +0 rapier
rCold    . . .     Faith    .   c - +0 kite shield
rNeg     . . .     Spirit   .   b - +0 scale mail
rPois    .         Reflect  .   (no helmet)
rElec    .         Harm     .   (no cloak)
rCorr    .         Rampage  .   (no gloves)
Will     .....                  (no boots)
Stlth    ..........             (no amulet)
HPRegen  0.09/turn              (no ring)
MPRegen  0.08/turn              (no ring)

@: no status effects
A: no striking features
a: no special abilities


You were on level 1 of the Dungeon.
You visited 1 branch of the dungeon, and saw 1 of its levels.

You collected 51 gold pieces.

Inventory:

Hand Weapons
 a - a +0 rapier (weapon)
Armour
 b - a +0 scale mail (worn)
 c - a +0 kite shield (worn)
Scrolls
 e - a scroll of identify {unknown}
Potions
 d - a potion of might


   Skills:
 + Level 3.8 Fighting
 + Level 2.2 Short Blades
 + Level 3.4 Armour
 + Level 3.4 Shields


You had one spell level left.
You didn't know any spells.
Your spell library was empty.

Dungeon Overview and Level Annotations

Branches:
Dungeon (1/15)

Altars:


Message History

[Y]es or [N]o only, please.
Really wait when healed? [Y]es or [N]o only, please.
Really wait when healed?
Unknown command.
Really wait when healed?
Save game and exit?
Welcome back, SweetAndFullOfGrace the Hill Orc Fighter.
Press ? for a list of commands and other information.
An endoplasm comes into view.
The endoplasm quivers.
Found 12 gold pieces.
Your shield and scale mail prevent you from hitting the endoplasm.
The endoplasm hits you but does no damage.
You barely miss the endoplasm. The endoplasm freezes you.
You are frozen.
You hit the endoplasm but do no damage. The endoplasm freezes you.
You are frozen.
The endoplasm barely misses you.
You hit the endoplasm but do no damage. The endoplasm freezes you.
You are frozen.
You puncture the endoplasm!
You kill the endoplasm!
HP restored.
You now have 18 gold pieces (gained 10).
You now have 30 gold pieces (gained 12).
e - a scroll labelled AGYNUQ SIODOA You now have 45 gold pieces (gained 15).
Found an escape hatch in the floor.
You now have 51 gold pieces (gained 6).
Unknown command.
Enter note: Save game and exit?
Welcome back, SweetAndFullOfGrace the Hill Orc Fighter.
Press ? for a list of commands and other information.
Unknown command.
Save game and exit?
Okay, then.
Are you sure you want to abandon this character and quit the game? (Confirm with "yes".)

..#.#.#..##.#.รท.##
...#.#.#..##......#
...?..#...##..##..##..#
..........##..# ...#..#
>8........#...# .#....#
..........#..###.###..#
###..........##..# #..#
#............##.## #...
.#....@##..)##.# #.#
#.....#.......# #.#
#........#....####.#
....##.#...#.........#
..# #...#...######.## .
##....... #..# #.......
#...# #....#.#. #.#...
.....#..#. #.####


There were no monsters in sight!

Vanquished Creatures
  3 endoplasms (D:1)
  A kobold (D:1)
  2 bats (D:1)
  A goblin (D:1)
  A rat (D:1)
8 creatures vanquished.

Notes
Turn   | Place    | Note
-------+----------+-------------------------------------------
     0 | D:1      | SweetAndFullOfGrace the Hill Orc Fighter began the quest
                  | for the Orb.
     0 | D:1      | Reached XP level 1. HP: 19/19 MP: 1/1
   442 | D:1      | Reached XP level 2. HP: 27/27 MP: 2/2
   562 | D:1      | Quit the game

Illustrated notes

Levels and vault maps discovered:
D:1:      ebering_trefoil_3fold, layout_rooms, serial_shops,
          nicolae_square_shop, shop, nicolae_diamond_shop, shop,
          nicolae_shop_statue_plus

Action                   || total
-------------------------++-------
Melee: Rapier            ||    24
Armor: Scale mail        ||    10
Dodge: Dodged            ||     5
Block: Kite shield       ||    11

Table legend: (Time is in decaauts)
 A = Elapsed time spent in this place.
 B = Non-inter-level travel time spent in this place.
 C = Inter-level travel time spent in this place.
 D = Time resting spent in this place.
 E = Time spent auto-exploring this place.
 F = Levels seen in this place.
 G = Mean time per level.
                   A        B        C        D        E       F      G
               +--------+--------+--------+--------+--------+-----+--------+
         Total |    569 |    569 |      0 |    344 |    152 |   1 |  569.0 |
       Dungeon |    569 |    569 |      0 |    344 |    152 |   1 |  569.0 |
               +--------+--------+--------+--------+--------+-----+--------+

Top non-repeatable levels by time:
     D:1: 569 daAuts

Table legend:
 A = Non-vault XP
 B = Vault XP
 C = Vault XP percentage of total XP
 D = Non-vault monster count
 E = Vault monster count
 F = Vault count percentage of total count
                 A         B        C        D         E       F
            +---------+---------+-------+---------+---------+-------
      Total |      12 |       0 |   0.0 |       8 |       0 |   0.0
            +---------+---------+-------+---------+---------+-------
        D:1 |      12 |       0 |   0.0 |       8 |       0 |   0.0
            +---------+---------+-------+---------+---------+-------
